 Dungeon Crawl Stone Soup version 0.19-a0-1903-gead39cf (webtiles) character file.

6071 LORDOFBUTT the Unseen (level 10, -11/45 HPs)
             Began as a Spriggan Assassin on Oct 20, 2016.
             Was a Believer of Hepliaklqana.
             Mangled by a komodo dragon (26 damage)
             ... on level 1 of the Lair of Beasts.
             The game lasted 00:14:54 (9879 turns).

LORDOFBUTT the Unseen (Spriggan Assassin)           Turns: 9879, Time: 00:14:54

Health: -11/45     AC:  4    Str:  7    XL:     10   Next: 57%
Magic:  11/11      EV: 34    Int: 12    God:    Hepliaklqana [**....]
Gold:   715        SH:  0    Dex: 22    Spells: 0 memorised, 9 levels left

rFire  . . .     SeeInvis +     C - +5 dagger (venom)
rCold  . . .     Gourm    .     c - +0 robe
rNeg   . . .     Faith    .     (shield restricted)
rPois  .         Spirit   .     (helmet restricted)
rElec  .         Reflect  .     v - +1 cloak
rCorr  .         Harm     .     (gloves unavailable)
MR     +....                    (boots unavailable)
Stlth  +++++++...               (no amulet)
                                p - +4 ring of evasion
                                k - +3 ring of evasion

@: very quick
A: unfitting armour, reduced essence, see invisible, herbivore 3, speed 3, slow
metabolism 2
a: Recall Ancestor, Ancestor Identity, Renounce Religion


You were on level 1 of the Lair of Beasts.
You worshipped Hepliaklqana.
Hepliaklqana was pleased with you.
You were full.

You visited 4 branches of the dungeon, and saw 13 of its levels.

You collected 715 gold pieces.

Inventory:

Hand Weapons
 a - a +2 dagger
 b - a +0 blowgun
 C - a +5 dagger of venom (weapon)
Missiles
 e - 35 poisoned needles
 f - a curare-tipped needle
Armour
 c - a +0 robe (worn)
 d - a +0 cloak
 v - a +1 cloak (worn)
Jewellery
 k - a +3 ring of evasion (left hand)
 m - a +5 ring of dexterity
 p - a +4 ring of evasion (right hand)
 r - an uncursed ring of ice
 z - an uncursed ring of magical power
 L - an uncursed amulet of faith {unknown}
Wands
 w - a wand of slowing (40/48)
 E - a wand of slowing (31/48)
 G - a wand of digging (9/24)
 I - a wand of polymorph (17/24)
 K - a wand of iceblast (4/15)
 N - a wand of teleportation (1/9)
Scrolls
 h - 2 scrolls of immolation {unknown}
 i - a scroll of teleportation {unknown}
 j - 14 scrolls of identify {unknown}
 o - a scroll of blinking {unknown}
 q - 2 scrolls of recharging {unknown}
 s - a scroll of amnesia {unknown}
 t - 2 scrolls of remove curse {unknown}
 u - 5 scrolls of enchant weapon {unknown}
 x - a scroll of random uselessness {unknown}
 y - 2 scrolls of fear {unknown}
 F - 4 scrolls of magic mapping {unknown}
Potions
 l - 6 potions of curing {unknown}
 A - a potion of flight {unknown}
 B - a potion of invisibility {unknown}
 D - 2 potions of brilliance {unknown}
 H - 2 potions of heal wounds {unknown}
 J - 2 potions of lignification {unknown}
Comestibles
 g - 5 bread rations (quivered)
 M - a royal jelly


   Skills:
 + Level 5.0 Fighting
 + Level 9.1 Short Blades
 + Level 3.1 Throwing
 + Level 9.5 Dodging
 * Level 16.1 Stealth


You had 9 spell levels left.
You didn't know any spells.

Dungeon Overview and Level Annotations

Branches:
Dungeon (9/15)             Temple (1/1) D:7            Lair (1/6) D:9
    Orc (2/2) D:9
    Elf: Orc:2

Altars:
Ashenzari
Cheibriados
Dithmenos
Elyvilon
Fedhas
Gozag
Hepliaklqana
Kikubaaqudgha
Makhleb
Nemelex Xobeh
Okawaru
Qazlal
Ru
Sif Muna
Trog
Uskayaw
Vehumet
Xom
Yredelemnul
Zin
The Shining One

Shops:
D:9 [

Annotations:
D:4 darthinebriated's ghost, amateur MiBe
Orc:2 Kadarus's ghost, journeyman DsFi


Innate Abilities, Weirdness & Mutations

You are very small and have problems with some larger weapons.
You are too small for most types of armour.
You have supernaturally acute eyesight. (SInv)
You are a herbivore.
You cover ground extremely quickly.
You need consume almost no food.
Your life essence is reduced. (-10% HP)


Message History

You hit the komodo dragon.
The komodo dragon is moderately wounded.
You hit the komodo dragon.
The komodo dragon is heavily wounded.
The komodo dragon misses you.
You hit the komodo dragon.
The komodo dragon is heavily wounded.
Synnove casts a spell at the komodo dragon.
The komodo dragon seems to slow down.
You hit the komodo dragon but do no damage.
The komodo dragon is heavily wounded.
The komodo dragon bites you!
You barely miss the komodo dragon.
The komodo dragon is heavily wounded.
You hit the komodo dragon but do no damage.
The komodo dragon looks as sick as possible!
The komodo dragon is severely wounded.
The komodo dragon bites you!!
Ouch! That really hurt!
You die...

#....R..((........
#...............# .
#..##.#P####..(.# .#.
#..##'####.#....##...
#..##.R...##....#...
#..##.....+..R...# .
#..##......#....#.. ...
#..####.####....##.....
#.. #.P#.....@l......
..........#...#..
...........# .##
.......)..... ..
............... ..
............. ..
.............. .
.........#.P##


You could see the friendly Synnove the hexer and a komodo dragon.

Vanquished Creatures
  Gastronok (D:8)
  An elephant (D:9)
  A troll (Orc:1)
  A yak (D:9)
  Duvessa (D:6)
  A water moccasin (D:8)
  2 orc warriors (D:8)
  2 ice beasts
  2 hornet zombies (D:9)
  2 sky beasts
  2 phantoms
  3 ogres
  3 centaurs
  2 crocodiles
  4 bullfrogs
  A gnoll sergeant (D:8)
  Dowan (D:6)
  4 howler monkeys
  A crimson imp (D:8)
  A centaur zombie (D:9)
  2 hounds
  A quasit (D:9)
  A centaur skeleton (D:6)
  13 orc priests
  Crazy Yiuf (D:3)
  A gnoll shaman (D:7)
  2 jellies
  4 orc wizards
  2 iguanas (D:9)
  3 worker ants
  A hound skeleton (D:4)
  A worker ant zombie (D:6)
  8 gnolls
  9 adders
  3 shadow imps
  2 oozes
  An adder zombie (D:9)
  A worm (D:3)
  2 dart slugs
  7 leopard geckos
  28 orcs
  8 bats
  3 giant cockroaches
  17 goblins
  7 hobgoblins
  15 jackals
  5 kobolds
  4 quokkas
  A ball python (D:1)
  7 frilled lizards
  2 quokka skeletons (D:4)
  7 rats
205 creatures vanquished.

Vanquished Creatures (collateral kills)
  A troll (D:9)
  2 orc wizards
  An orc priest (Orc:2)
  2 orcs
6 creatures vanquished.

Vanquished Creatures (others)
  An ancestor (D:9)
  A hexer (Orc:2)
2 creatures vanquished.

Grand Total: 213 creatures vanquished

Notes
Turn   | Place    | Note
-------+----------+-------------------------------------------
     0 | D:1      | LORDOFBUTT the Spriggan Assassin began the quest for the Orb.
     0 | D:1      | Reached XP level 1. HP: 10/10 MP: 2/2
    21 | D:1      | Reached skill level 6 in Stealth
   353 | D:1      | Reached XP level 2. HP: 15/15 MP: 3/3
   886 | D:1      | You fall through a shaft!
   927 | D:2      | Reached XP level 3. HP: 18/18 MP: 4/4
  1424 | D:2      | Reached skill level 7 in Stealth
  1994 | D:2      | Reached XP level 4. HP: 19/23 MP: 5/5
  2479 | D:3      | Found a runed door.
  2688 | D:3      | Noticed Crazy Yiuf
  2719 | D:3      | Killed Crazy Yiuf
  2719 | D:3      | Reached XP level 5. HP: 26/26 MP: 6/6
  2794 | D:4      | Noticed darthinebriated's ghost (amateur MiBe)
  2846 | D:3      | HP: 1/26 [orc wizard/puff of frost (3)]
  3808 | D:5      | Entered Level 5 of the Dungeon
  3827 | D:5      | Found a sparkling altar of Nemelex Xobeh.
  3850 | D:5      | Noticed an ice beast
  3907 | D:6      | Noticed a sky beast
  4087 | D:6      | Reached XP level 6. HP: 32/32 MP: 7/7
  4233 | D:6      | Killed a sky beast
  4233 | D:6      | Reached skill level 8 in Stealth
  4376 | D:6      | Noticed Duvessa
  4388 | D:6      | Reached skill level 5 in Dodging
  4431 | D:6      | Noticed Dowan
  4437 | D:6      | Killed Dowan
  4465 | D:5      | Reached XP level 7. HP: 13/35 MP: 8/8
  4789 | D:4      | Reached skill level 5 in Short Blades
  4942 | D:5      | Reached skill level 9 in Stealth
  5231 | D:5      | Reached XP level 8. HP: 38/40 MP: 9/9
  5359 | D:6      | Killed Duvessa
  5359 | D:6      | Reached skill level 10 in Stealth
  6498 | D:7      | Found a staircase to the Ecumenical Temple.
  6593 | D:7      | Reached skill level 11 in Stealth
  6923 | D:8      | Found a shimmering altar of Xom.
  6961 | Temple   | Entered the Ecumenical Temple
  7101 | Temple   | Became a worshipper of Hepliaklqana the Forgotten
  7433 | D:8      | Noticed Gastronok
  7451 | D:8      | Killed Gastronok
  7451 | D:8      | Reached skill level 13 in Stealth
  7451 | D:8      | Reached XP level 9. HP: 41/41 MP: 10/10
  7537 | D:8      | Reached skill level 14 in Stealth
  7966 | D:8      | Reached XP level 10. HP: 38/45 MP: 11/11
  7999 | D:8      | Found a basalt altar of Yredelemnul.
  8378 | D:9      | Found a staircase to the Lair.
  8378 | D:9      | Noticed an elephant
  8384 | D:9      | Killed an elephant
  8400 | D:9      | Reached skill level 15 in Stealth
  8773 | D:9      | Reached * piety under Hepliaklqana
  8841 | D:9      | Found Kiotaa's Armour Shop.
  9248 | D:9      | Found a staircase to the Orcish Mines.
  9400 | Orc:1    | Entered Level 1 of the Orcish Mines
  9483 | Orc:1    | Reached skill level 5 in Fighting
  9649 | Orc:2    | Entered Level 2 of the Orcish Mines
  9680 | Orc:2    | Reached skill level 16 in Stealth
  9710 | Orc:2    | Reached ** piety under Hepliaklqana
  9711 | Orc:2    | Remembered your ancestor Synnove as a hexer
  9719 | Orc:2    | Noticed Kadarus's ghost (journeyman DsFi)
  9809 | Lair:1   | Entered Level 1 of the Lair of Beasts
  9879 | Lair:1   | Mangled by a komodo dragon

Vault maps used:
D:1:      eino_arrival_cavern_d, roderic_serpentine_path
D:2:      first_bread
D:3:      uniq_crazy_yiuf_cottage
D:4:      kennysheep_generic_room_14
D:5:      nemelex_xobeh_ov_fountains_minmay
D:6:      minmay_ogre_servants, uniq_duvessa
D:8:      yredelemnul_altar_generic, basic_altar, uniq_gastronok
D:9:      david_lair_generic, orc_0_dummy, serial_shops, nicolae_shop_waterfront
Temple:   regret_index_temple_chain_breaker
Lair:1:   lemuel_fruit_tree, grunt_megastairs_2
Orc:1:    serial_shops, shop, mines1_david
Orc:2:    grunt_orc_community_town_hall, grunt_orc_community_big_house_1,
          grunt_orc_community_big_house_1, grunt_orc_community_house_2,
          grunt_orc_community_house_1, grunt_orc_community_house_3,
          grunt_orc_community_house_3, led_sif_book

Skill      XL: |  1  2  3  4  5  6  7  8  9 10 |
---------------+-------------------------------+-----
Stealth        | 6 7 8 9 13 14 16 | 16.1
Dodging        | 2 3 4 5 6 8 9 |  9.5
Short Blades   | 3 4 5 8 9 |  9.1
Fighting       | 2 3 4 5 |  5.0
Throwing       | 3 |  3.1

Action                   |  1- 3 |  4- 6 |  7- 9 | 10-12 || total
-------------------------+-------+-------+-------+-------++-------
Melee: Dagger            |   143 |   239 |   280 |   218 ||   880
 Fire: Blowgun           |       |    15 |     2 |     1 ||    18
Invok: Recall Ancestor   |       |       |     3 |     3 ||     6
       Ancestor Life: He |       |       |       |     1 ||     1
  Use: Potion            |       |     1 |       |     1 ||     2
 Stab: Sleeping          |    13 |    10 |    18 |    14 ||    55
       Distracted        |       |       |     4 |       ||     4
  Eat: Bread ration      |       |     1 |       |     1 ||     2
Armor: Robe              |    19 |    21 |     3 |     8 ||    51
Dodge: Dodged            |   170 |   214 |   208 |   194 ||   786
